 Dungeon Crawl Stone Soup version 0.31-a0-232-gb1c03b2570 (webtiles) character file.

Game seed: 8047964005032230280

77 qw the Shooter (level 4, -1/36 HPs)
             Began as a Minotaur Hexslinger on July 7, 2023.
             Slain by Sigmund
             ... wielding a +1 scythe of flaming
              (2 damage)
             ... on level 3 of the Dungeon.
             The game lasted 00:00:35 (1338 turns).

qw the Shooter (Minotaur Hexslinger)                Turns: 1338, Time: 00:00:36

Health: -1/36      AC:  6    Str: 12    XL:     4   Next: 13%
Magic:  4/4        EV: 11    Int: 10    God:
Gold:   87         SH:  0    Dex: 15    Spells: 4/5 levels left

rFire   . . .        Y - +1 sling
rCold   . . .        (no shield)
rNeg    . . .        c - +0 ring mail
rPois   .            (helmet restricted)
rElec   .            g - +0 cloak
rCorr   .            (no gloves)
SInv    .            (no boots)
Will    .....        (no amulet)
Stlth   +            (no ring)
HPRegen 0.26/turn    (no ring)
MPRegen 0.09/turn

%: no passive effects
@: no status effects
A: horns 2, retaliatory headbutt
a: no special abilities


You were on level 3 of the Dungeon.
You visited 1 branch of the dungeon, and saw 3 of its levels.

You collected 87 gold pieces.


Innate Abilities, Weirdness & Mutations

You have a pair of horns on your head.
You reflexively headbutt those who attack you in melee.


   Skills:
 - Level 2.0 Fighting
 + Level 4.4 Ranged Weapons
 - Level 1.1 Armour
 - Level 2.1 Dodging
 - Level 1.0 Spellcasting
 - Level 2.0 Hexes


You had 4 spell levels left.
You knew the following spells:

 Your Spells              Type           Power      Damage    Failure   Level
a - Slow                  Hex            16%        N/A       34%         1

Your spell library contained the following spells:

 Spells                   Type           Power      Damage    Failure   Level
 Inner Flame              Hex/Fire       2%         N/A       83%         3
 Portal Projectile        Hex/Tloc       4%         N/A       83%         3
 Cause Fear               Hex            2%         N/A       98%         4

Inventory:

Hand Weapons
 Y - a +1 sling (weapon)
Armour
 c - a +0 ring mail (worn)
 g - a +0 cloak (worn)
Jewellery
 k - a ring of ice
 o - an amulet of the acrobat
Scrolls
 a - a scroll of identify
 f - a scroll of amnesia {unknown}
Potions
 b - a potion of haste {unknown}
 d - a potion of heal wounds {unknown}
 e - a potion of brilliance {unknown}
 h - a potion of cancellation {unknown}
 i - a potion of attraction {unknown}
 j - a potion of curing {unknown}
 l - a potion of might {unknown}
 m - a potion of berserk rage {unknown}
 n - a potion of degeneration {unknown}

Dungeon Overview and Level Annotations

Branches:
Dungeon (3/15)

Altars:

Annotations:
D:3 Sigmund


Message History

The orc shouts!
The sling bullet hits Sigmund but does no damage.
Sigmund is lightly wounded.
Sigmund gestures at you while chanting. You resist with some effort.
You shoot a sling bullet. The sling bullet hits Sigmund.
Sigmund is moderately wounded.
Sigmund casts a spell at you. You resist with some effort.
A rat comes into view.
You shoot a sling bullet.
The sling bullet closely misses Sigmund.
The sling bullet misses the adder.
Sigmund closely misses you.
You shoot a sling bullet. The sling bullet hits Sigmund.
Sigmund is moderately wounded.
Sigmund barely misses you.
You shoot a sling bullet.
The sling bullet closely misses Sigmund.
The sling bullet hits the adder.
The adder is moderately wounded.
Sigmund hits you from afar with a +1 scythe of flaming!
Sigmund burns you.
You shoot a sling bullet. The sling bullet hits Sigmund.
Sigmund is heavily wounded.
Sigmund closely misses you.
You shoot a sling bullet.
The sling bullet hits Sigmund but does no damage.
Sigmund is heavily wounded.
Sigmund hits you from afar with a +1 scythe of flaming!
Sigmund burns you.
You shoot a sling bullet.
The sling bullet closely misses Sigmund.
The sling bullet hits the adder.
The adder is heavily wounded.
You shoot a sling bullet. The sling bullet hits Sigmund.
Sigmund is severely wounded.
Sigmund hits you from afar with a +1 scythe of flaming!
Sigmund burns you.
You die...

....#
###.#
###.#
....#
......
..####
..# ###
.##r#####
...oS@.@#
.##.###.#
#. #.# ..
#.# ##
#).. #.#
. ... #.#
# ... #.#
#### #.#
#.# ...#
#.# #.#


You could see Sigmund, an adder, an orc and a rat.

Vanquished Creatures
  2 adders (D:2)
  An ufetubus (D:3)
  A worm (D:2)
  6 ball pythons
  2 endoplasms
  2 giant cockroaches
  11 hobgoblins
  2 kobolds
  A quokka (D:1)
  6 bats
  3 frilled lizards (D:1)
  4 goblins
  6 rats
47 creatures vanquished.

Notes
Turn   | Place    | Note
-------+----------+-------------------------------------------
     0 | D:1      | qw the Minotaur Hexslinger began the quest for the Orb.
     0 | D:1      | Reached XP level 1. HP: 16/16 MP: 1/1
     0 | D:1      | 0 ||| qw: Version: 0.3-a-46-gb1f654a
     0 | D:1      | 0 ||| qw: Game counter: 2901
     0 | D:1      | 0 ||| qw: Melee chars always use a shield: true
     0 | D:1      | 0 ||| qw: God list: Okawaru
     0 | D:1      | 0 ||| qw: Allow faded altars: false
     0 | D:1      | 0 ||| qw: Do Orc after clearing Dungeon:15 true
     0 | D:1      | 0 ||| qw: Do second Lair branch before Depths: true
     0 | D:1      | 0 ||| qw: Lair rune preference: random
     0 | D:1      | 0 ||| qw: Goals: Normal
     0 | D:1      | 0 ||| PLANNING D:1-11
   168 | D:1      | Reached skill level 3 in Ranged Weapons
   168 | D:1      | Reached XP level 2. HP: 23/23 MP: 2/2
   523 | D:1      | 523 ||| UPGRADING to +0 leather armour.
   533 | D:1      | 533 ||| DROPPING +0 robe.
   534 | D:1      | 534 ||| UPGRADING to +0 cloak.
   539 | D:1      | 539 ||| READING scroll labelled UMITWE ARAR.
   540 | D:1      | 540 ||| DROPPING scroll of poison.
   689 | D:2      | Reached XP level 3. HP: 29/29 MP: 3/3
   782 | D:2      | Reached skill level 4 in Ranged Weapons
  1115 | D:2      | 1115 ||| UPGRADING to +0 ring mail.
  1125 | D:2      | 1125 ||| DROPPING +0 leather armour.
  1142 | D:3      | 1142 ||| STAIRDANCE
  1149 | D:2      | Reached skill level 1 in Armour
  1246 | D:3      | Reached XP level 4. HP: 30/36 MP: 4/4
  1326 | D:3      | Noticed Sigmund
  1336 | D:3      | HP: 9/36 [Sigmund/+1 scythe of flaming (7)]
  1338 | D:3      | HP: 1/36 [Sigmund/+1 scythe of flaming (7)]
  1338 | D:3      | Slain by Sigmund

Levels and vault maps discovered:
D:1:      lightli_arrival_statuegarden, layout_basic, hangedman_decor_lopped
D:2:      layout_loops_ring, amcnicky_mini_corridor_feature,
          kennysheep_generic_room_11
D:3:      minmay_wonky_spiral, layout_loops_ring, uniq_sigmund, uniq_jessica

Skill      XL: |  1  2  3 |
---------------+----------+-----
Ranged Weapons | 3 4 |  4.4
Fighting       | 2 |  2.0
Armour         | 1 |  1.1
Dodging        | |  2.1
Spellcasting   | |  1.0
Hexes          | |  2.0

Action                     |  1- 3 |  4- 6 || total
---------------------------+-------+-------++-------
   Fire: Sling             |   120 |    20 ||   140
    Use: Scroll            |     1 |       ||     1
 Armour: Leather armour    |     8 |       ||     8
         Robe              |     1 |       ||     1
         Ring mail         |    18 |     1 ||    19
  Dodge: Dodged            |    45 |     4 ||    49

Table legend:
 A = Non-vault XP
 B = Vault XP
 C = Vault XP percentage of total XP
 D = Non-vault monster count
 E = Vault monster count
 F = Vault count percentage of total count
                 A         B        C        D         E       F
            +---------+---------+-------+---------+---------+-------
      Total |     108 |       2 |   1.8 |      46 |       1 |   2.1
            +---------+---------+-------+---------+---------+-------
        D:1 |      32 |       0 |   0.0 |      21 |       0 |   0.0
        D:2 |      55 |       2 |   3.5 |      17 |       1 |   5.6
        D:3 |      21 |       0 |   0.0 |       8 |       0 |   0.0
            +---------+---------+-------+---------+---------+-------
